 Dungeon Crawl Stone Soup version 0.25.1-1-g288607f5aa (webtiles) character file.

Game seed: 8000754686505970858

5 Descartes the Ducker (level 1, 0/10 HPs)
             Began as a Felid Monk on July 26, 2020.
             Slain by a kobold (2 damage)
             ... on level 2 of the Dungeon.
             The game lasted 00:00:46 (120 turns).

Descartes the Ducker (Felid Monk)                    Turns: 120, Time: 00:00:46

Health: 0/10       AC:  1    Str:  7    XL:     1   Next: 66%
Magic:  2/2        EV: 20    Int: 11    God:
Gold:   5          SH:  0    Dex: 18    Spells: 0/0 levels left
                                        Lives:  0   Deaths: 0

rFire    . . .     SeeInvis +     - Unarmed
rCold    . . .     Gourm    .   (shield unavailable)
rNeg     . . .     Faith    .   (armour unavailable)
rPois    .         Spirit   .   (helmet unavailable)
rElec    .         Reflect  .   (cloak unavailable)
rCorr    .         Harm     .   (gloves unavailable)
MR       .....                  (boots unavailable)
Stlth    +++.......             c - amulet of the acrobat
HPRegen  0.03/turn              (no ring)
MPRegen  0.08/turn              (no ring)

@: quick
A: very small, no armour, no weapons or thrown items, stealth, claws 1, fangs 3,
see invisible, carnivore, speed 1, shaggy fur 1, slow metabolism 1, sharp paws
a: no special abilities


You were on level 2 of the Dungeon.
You were not hungry.

You visited 1 branch of the dungeon, and saw 2 of its levels.

You collected 5 gold pieces.

Inventory:

Jewellery
 c - an amulet of the acrobat (around neck)
Potions
 b - a potion of curing {unknown}
Comestibles
 a - a ration


   Skills:
 - Level 3.0 Fighting
 + Level 4.2 Dodging
 + Level 3.1 Stealth
 - Level 3.0 Unarmed Combat


You couldn't memorise any spells.
You didn't know any spells.
Your spell library was empty.

Dungeon Overview and Level Annotations

Branches:
Dungeon (2/15)

Altars:


Innate Abilities, Weirdness & Mutations

You cannot wear armour.
You are incapable of wielding weapons or throwing items.
Your paws allow you to move quietly. (Stealth)
You have sharp claws.
You have razor-sharp teeth.
You have supernaturally acute eyesight. (SInv)
You are carnivorous and can eat meat at any time.
You cover ground quickly.
You are covered in fur. (AC +1)
You have a slow metabolism.
Your sharp claws are effective at attacking unaware monsters.


Message History

There is a stone staircase leading down here.
A hobgoblin comes into view. It is wielding a +0 club.
The hobgoblin shouts!
The kobold shouts!
Found 8 gold pieces.
The kobold misses you.
You closely miss the kobold. The kobold hits you.
You closely miss the kobold. The kobold misses you.
You barely miss the kobold. The kobold hits you.
You miss the kobold. The hobgoblin barely misses you.
The kobold barely misses you.
The hobgoblin hits you with a cursed +0 club.
* * * LOW HITPOINT WARNING * * *
There is a stone staircase leading down here.
The kobold closely misses you.
You climb downwards.
There is a stone staircase leading up here.
You barely miss the kobold. The kobold hits you.
* * * LOW HITPOINT WARNING * * *
You barely miss the kobold. The kobold hits you.
You die...

#.#.#.. ... ..........
#. #. .#.#...# #.#
##.##...#..# #..
......... #.# #. #...#
# #.####.###.##.#
#.............#
#.#####.##@#..##..
####
#........K........
...#
##.#####.###..###.#
##.###...# #.# ..# #
#.##.#.#.##... ....
#..รท........... .....
####.#.#.#####......##
##...## #...#.# .....
#..#.#


You could see a kobold.

Vanquished Creatures
  A goblin (D:1)
  A hobgoblin (D:2)
  A bat (D:2)
  3 rats
6 creatures vanquished.

Notes
Turn   | Place    | Note
-------+----------+-------------------------------------------
     0 | D:1      | Descartes the Felid Monk began the quest for the Orb.
     0 | D:1      | Reached XP level 1. HP: 10/10 MP: 2/2
    64 | D:1      | You fall into a shaft and drop 1 floor!
   120 | D:2      | Slain by a kobold

Illustrated notes

Levels and vault maps discovered:
D:1:      nicolae_arrival_somewhat_less_tricky_arrival, layout_basic,
          serial_curves, eino_curves_02, eino_curves_03,
          chequers_decorated_corner
D:2:      layout_loops_ring, gammafunk_temple_overflow_pools, tgw_trog,
          elyvilon_altar_4

Skill      XL: |  1 |
---------------+----+-----
Stealth        | 3 |  3.1
Fighting       | |  3.0
Dodging        | |  4.2
Unarmed Combat | |  3.0

Action                   || total
-------------------------++-------
Melee: Unarmed           ||    17
 Stab: Sleeping          ||     1
  Eat: Chunk             ||     1
Armor: Skin              ||     2
Dodge: Dodged            ||    17
